 Dungeon Crawl Stone Soup version 0.25.1-2-g60ff931df9 (webtiles) character file.

Game seed: 5779451438402840055

60 sking99 the Poker (level 4, 0/34 HPs)
             Began as a Merfolk Skald on Oct 14, 2020.
             Was an Initiate of Ashenzari.
             Slain by a gnoll
             ... wielding a +0 flail
              (2 damage)
             ... on level 2 of the Dungeon.
             The game lasted 00:04:12 (1907 turns).

sking99 the Poker (Merfolk Skald)                   Turns: 1907, Time: 00:04:14

Health: 0/34       AC:  3    Str: 12    XL:     4   Next: 6%
Magic:  3/7        EV: 12    Int: 12    God:    Ashenzari [......]
Gold:   52         SH:  0    Dex: 13    Spells: 4/7 levels left

rFire    . . .     SeeInvis .   a - +0 spear
rCold    . . .     Gourm    .   (no shield)
rNeg     . . .     Faith    .   b - +0 leather armour
rPois    .         Spirit   .   (no helmet)
rElec    .         Reflect  .   (no cloak)
rCorr    .         Harm     .   (no gloves)
MR       .....                  (no boots)
Stlth    +.........             (no amulet)
HPRegen  0.11/turn              (no ring)
MPRegen  0.10/turn              (no ring)

@: infused, singing
A: change form in water, swift swim, stealthy swim
a: Curse Item, Renounce Religion


You were on level 2 of the Dungeon.
You worshipped Ashenzari.
Ashenzari was noncommittal.
You were very hungry.

You visited 1 branch of the dungeon, and saw 2 of its levels.

You collected 52 gold pieces.

Inventory:

Hand Weapons
 a - a +0 spear (weapon)
Missiles
 j - 15 poisoned darts (quivered)
Armour
 b - a +0 leather armour (worn)
Scrolls
 f - 2 scrolls of teleportation {unknown}
Potions
 c - a potion of magic {unknown}
 e - a potion of curing {unknown}
 g - a potion of invisibility {unknown}
 h - a potion of haste {unknown}
 i - a potion of cancellation {unknown}
 k - a potion of brilliance {unknown}
Comestibles
 d - a ration


   Skills:
 + Level 2.6 Fighting
 * Level 4.0 Polearms
 - Level 1.0 Armour
 - Level 3.0 Dodging
 + Level 2.3 Spellcasting
 * Level 3.9 Charms


You had 4 spell levels left.
You knew the following spells:

 Your Spells              Type           Power        Failure   Level  Hunger
a - Infusion              Chrm           ##..         7%          1    ##.....
b - Song of Slaying       Chrm           ##......     10%         2    ###....

Your spell library contained the following spells:

 Spells                   Type           Power        Failure   Level  Hunger
 Shroud of Golubria       Chrm/Tloc      #.....       22%         2    ###....
 Ozocubu's Armour         Chrm/Ice       #.......     41%         3    ####...
 Spectral Weapon          Hex/Chrm       #.......     41%         3    ####...


Dungeon Overview and Level Annotations

Branches:
Dungeon (2/15)

Altars:
Ashenzari


Message History

You begin infusing your attacks with magical energy.
Casting: Infusion (safe; 7% risk of failure)
Confirm with . or Enter, or press ? or * to list all spells.
You start singing a song of slaying.
You climb downwards.
The gnoll hits you but does no damage.
There is a stone staircase leading up here.
You hit the gnoll.
The gnoll is moderately wounded.
The gnoll barely misses you.
You completely miss the gnoll.
The gnoll is moderately wounded.
The gnoll hits you with a +0 flail.
You barely miss the gnoll.
The gnoll is moderately wounded.
The gnoll hits you with a +2 whip of electrocution!
You are electrocuted!!
Ouch! That really hurt!
* * * LOW HITPOINT WARNING * * *
The gnoll hits you with a +0 flail.
You die...

.. #.. .####.# #)#
#+##.....# #.####
#....# #....# ###..#
#.##.# #....#
#########.#
###.#.####.........#
#.)g)....#.#########
#.#.@#.#.#.#
#######g#.g..#g#.##
#...g...#.####.#..#
#g#######.## #.##.#
#.# #.g....# #....#
#.###.###### ######
#.....# #######


You could see 2 gnolls.

Vanquished Creatures
  2 gnolls
  A dart slug (D:1)
  2 leopard geckos (D:1)
  2 ball pythons (D:1)
  A bat (D:1)
  4 giant cockroaches (D:1)
  7 goblins
  2 hobgoblins (D:1)
  4 jackals (D:1)
  8 kobolds (D:1)
  A rat (D:1)
34 creatures vanquished.

Notes
Turn   | Place    | Note
-------+----------+-------------------------------------------
     0 | D:1      | sking99 the Merfolk Skald began the quest for the Orb.
     0 | D:1      | Reached XP level 1. HP: 16/16 MP: 3/3
   156 | D:1      | Reached XP level 2. HP: 16/23 MP: 0/5
   510 | D:1      | Found a shattered altar of Ashenzari.
   519 | D:1      | Reached skill level 1 in Armour
   524 | D:1      | Reached XP level 3. HP: 24/28 MP: 6/6
   528 | D:1      | Learned a level 2 spell: Song of Slaying
   565 | D:1      | Became a worshipper of Ashenzari the Shackled
  1640 | D:2      | Reached skill level 4 in Polearms
  1640 | D:2      | Reached XP level 4. HP: 14/34 MP: 2/7
  1907 | D:2      | Slain by a gnoll

Illustrated notes

Levels and vault maps discovered:
D:1:      heliophobic_arrival_enchanted_forest, layout_basic,
          evilmike_ruin_ashenzari
D:2:      layout_basic, marbit_many_paths, minmay_misc_feat_chi

Skill      XL: |  1  2  3 |
---------------+----------+-----
Dodging        | 3 |  3.0
Armour         | 1 |  1.0
Polearms       | 4 |  4.0
Fighting       | |  2.6
Spellcasting   | |  2.3
Charms         | |  3.9

Action                   |  1- 3 |  4- 6 || total
-------------------------+-------+-------++-------
Melee: Spear             |   148 |     4 ||   152
 Cast: Infusion          |     6 |     1 ||     7
       Song of Slaying   |       |     1 ||     1
 Stab: Sleeping          |     1 |       ||     1
  Eat: Chunk             |     2 |       ||     2
Armor: Leather armour    |    33 |     1 ||    34
Dodge: Dodged            |    82 |     2 ||    84
